Map: Submarine LE

Players

Dolan - Winner!

  • Race: Terran Terran
  • League: Grandmaster
  • Spawn Location: 11:00

MillForGG (ForGG)

  • Race: Terran Terran
  • League: Grandmaster
  • Spawn Location: 5:00

VOD

https://www.youtube.com/watch?v=k9LtVcYUU9I

Description

Time

  • Played on: Feb. 7, 2021, 10:27 p.m.
  • Length: 5:02
Show
View Real Time Build Order
Export as new Build Order

Dolan Terran - Winner!

Build Orders: 1/1/1 

Get SALT Encoding   

  12  0:00  SCV  
  13  0:12  SCV  
  14  0:17  Supply Depot  
  14  0:24  SCV  
  14  0:27  Refinery  
  15  0:39  SCV  
  16  0:44  Barracks  
  16  0:51  SCV  
  16  0:53  Refinery  
  17  1:03  SCV  
  18  1:15  SCV  
  19  1:31  Orbital Command, Reaper  
  20  1:36  Factory  
  20  1:50  Supply Depot  
  20  1:58  SCV  
  21  2:03  Barracks Reactor  
  21  2:11  SCV  
  22  2:21  Starport  
  22  2:22  Factory Tech Lab  
  22  2:23  SCV  
  23  2:30  Supply Depot  
  23  2:41  Marine x2, Siege Tank  
  29  2:44  SCV  
  28  2:58  Starport Reactor  
  28  2:59  Marine x2  
  30  3:14  Siege Tank  
  30  3:17  Marine x2  
  30  3:19  Supply Depot  
  35  3:35  Viking x2  
  35  3:41  Marine x2  
  41  3:42  Supply Depot  
  41  3:58  Marine x2  
  43  4:05  Viking x2  
  47  4:14  Supply Depot  
  47  4:18  Marine x2  
  49  4:24  Siege Tank  
Show
View Real Time Build Order
Export as new Build Order

MillForGG Terran 

Build Orders:  

Get SALT Encoding   

  12  0:00  SCV  
  13  0:12  SCV  
  14  0:17  Supply Depot  
  14  0:25  SCV  
  15  0:39  SCV, Barracks  
  16  0:44  Refinery  
  16  0:51  SCV  
  16  0:52  Refinery  
  17  1:03  SCV  
  18  1:15  SCV  
  19  1:27  Orbital Command, Reaper  
  19  1:29  Supply Depot  
  20  1:44  Factory  
  20  1:53  SCV  
  21  1:59  Reaper  
  22  2:05  SCV  
  23  2:16  Command Center  
  23  2:18  SCV  
  26  2:30  SCV, Hellion  
  27  2:42  SCV, Barracks Reactor  
  30  2:51  Widow Mine  
  30  2:53  Starport  
  30  2:54  Supply Depot  
  30  2:56  SCV  
  31  3:13  Factory Tech Lab  
  31  3:16  SCV  
  31  3:18  Marine x2  
  34  3:28  SCV, Orbital Command  
  34  3:30  Viking  
  34  3:34  Siege Tank  
  40  3:37  Marine x2  
  40  3:41  SCV  
  43  3:46  Supply Depot  
  43  3:53  SCV  
  43  3:55  Refinery, Marine x2  
  44  3:56  SCV  
  44  4:00  Starport Tech Lab  
  47  4:05  SCV  
  47  4:08  SCV  
  47  4:09  Siege Tank  
  52  4:15  Marine  
  53  4:17  SCV  
  53  4:20  SCV  
  55  4:29  SCV  
  55  4:30  Supply Depot  
  58  4:32  SCV  
  58  4:37  Marine x2  
  61  4:41  SCV  
Tags
 
Matchup
TvT
Opening
1/1/1
Player
ForGG
Race
Terran
Spawn Locations
Cross Positions
Add a new tag
Caveats
  • Supply blocks, unpowered buildings, or Contaminate may cause inaccurate times.
  • Supply counts are checked every 10 seconds.